 Dungeon Sprint DCSS version 0.29.0-3-gbb0933ed62 (webtiles) character file.

Game seed: 2466893278229973287

24570 enile the Warrior (level 12, 0/152 HPs)
             Began as a Troll Monk on Aug 25, 2022.
             Was a Priest of Jiyva.
             Slain by a tarantella (17 damage)
             ... in the Dungeon (Sprint IX: "|||||||||||||||||||||||||||||").
             The game lasted 00:23:54 (3489 turns).

enile the Warrior (Troll Monk)                      Turns: 3489, Time: 00:23:55

Health: 0/152      AC:  5    Str: 26    XL:     12   Next: 81%
Magic:  11/11      EV: 22    Int:  6    God:    Jiyva [***...]
Gold:   63         SH:  0    Dex: 16    Spells: 11/11 levels left

rFire   . . .      SeeInvis .     - Unarmed
rCold   + . .      Faith    .   (no shield)
rNeg    . . .      Spirit   .   d - +0 robe of the Sneaky Geomancers {rC+ Regen+ Dex+4}
rPois   +          Reflect  .   (helmet unavailable)
rElec   .          Harm     .   A - +1 cloak {Stlth+}
rCorr   +          Rampage  .   (gloves unavailable)
Will    .....      NoTele   +   (boots unavailable)
Stlth   ++........              e - amulet of regeneration
HPRegen 3.87/turn               t - +4 ring of evasion
MPRegen 0.47/turn               v - ring of poison resistance

@: confused, slowed, very slow
A: large, unfitting armour, claws 3, regeneration 1, shaggy fur 1, tough skin 1,
horns 3, pseudopods 2, jelly sensing items, jelly absorbing missiles
a: Renounce Religion, Oozemancy


You were in the Dungeon.
You worshipped Jiyva.
Jiyva was most pleased with you.
You visited 1 branch You collected 936 gold pieces.
You spent 873 gold pieces at shops.

Inventory:

Hand Weapons
 k - a +2 vorpal dire flail
 l - a +0 lajatang
 x - a +1 double sword
 y - a +0 triple crossbow
Armour
 a - a +0 robe
 d - the +0 robe of the Sneaky Geomancers (worn) {rC+ Regen+ Dex+4}
   (You bought it in a shop in the Dungeon)

   Dex:       It affects your dexterity (+4).
   rC:        It protects you from cold.
   Regen:     It increases your rate of health regeneration.
 m - a +0 cloak
 z - +0 acid dragon scales
 A - a +1 cloak of stealth (worn)
 C - +1 fire dragon scales
 D - +0 ice dragon scales
Jewellery
 e - an amulet of regeneration (around neck)
 n - a +2 ring of protection
 o - a +3 ring of intelligence
 t - a +4 ring of evasion (left claw)
 u - a ring of protection from fire
 v - a ring of poison resistance (right claw)
 w - a +4 ring of protection
Wands
 f - a wand of flame (13)
Scrolls
 i - 2 scrolls of amnesia
 q - 3 scrolls of identify
 r - 2 scrolls of enchant weapon
Potions
 g - 2 potions of brilliance
 s - 4 potions of magic


   Skills:
 + Level 18.4 Fighting
 - Level 15.0 Dodging
 - Level 3.0 Stealth
 - Level 17.0 Unarmed Combat
 - Level 8.0 Evocations


You had 11 spell levels left.
You didn't know any spells.
Your spell library contained the following spells:

 Spells                   Type           Power      Damage    Failure   Level
 Sting                    Tmut/Pois      0%         1d3       45%         1
 Poisonous Vapours        Pois/Air       0%         N/A       58%         2
 Ignite Poison            Fire/Tmut/Pois 0%         N/A       83%         3
 Mephitic Cloud           Conj/Pois/Air  0%         N/A       83%         3
 Olgreb's Toxic Radiance  Pois           0%         N/A       99%         4
 Freezing Cloud           Conj/Ice/Air   0%         6-21      100%        5


Dungeon Overview and Level Annotations

Branches:
Dungeon (1/1)

Altars:
Cheibriados
Dithmenos
Elyvilon
Fedhas
Gozag
Hepliaklqana
Kikubaaqudgha
Makhleb
Nemelex Xobeh
Okawaru
Qazlal
Ru
Sif Muna
Trog
Uskayaw
Vehumet
Wu Jian
Xom
Yredelemnul
Zin
The Shining One
Jiyva
Lugonu

Shops:
D (=**


Innate Abilities, Weirdness & Mutations

You are too large for most types of armour.
You have claws for hands.
Your natural rate of healing is unusually fast.
You are covered in fur. (AC +1)
You have tough skin. (AC +1)
You have a pair of large horns on your head.
Armour fits poorly on your large pseudopods.
You have a small jelly attached to you that senses nearby items.
You have a small jelly attached to you that may absorb projectiles.


Message History

The tarantella misses you.
The tarantella attacks as you move away!
The tarantella touches you but does no damage.
Okay, then.
You feel better. The tarantella completely misses you.
The tarantella misses you. The tarantella completely misses you.
Okay, then.
Okay, then.
Okay, then.
Activating: Oozemancy (14% risk of failure)
Press: ? - help, Dir - look around, f - activate
There are no walls around you to affect.
Activating: Oozemancy (14% risk of failure)
Press: ? - help, Dir - look around, f - activate An unnaturally hard rock wall.
There are no walls around you to affect.
Okay, then.
Okay, then.
Really quaff the potion of mutation?
You feel extremely strange.
Your hooves expand and flesh out into feet!
You feel frail.
You feel a hidden malignance growing inside you.
You no longer feel a malignance within.
The torpor snail's soul is no longer bound.
The tarantella closely misses you. The tarantella touches you!
* * * LOW HITPOINT WARNING * * *
You scratch the tarantella but do no damage.
The tarantella touches you!
* * * LOW HITPOINT WARNING * * *
You are confused.
The tarantella touches you!
* * * LOW HITPOINT WARNING * * *
Okay, then.
You are too confused!
Okay, then.
You miss the tarantella.
The tarantella's soul is no longer bound.
The tarantella touches you!
You die...

▓▓▓▓▓▓▓▓▓▓▓▓▓▓▓▓▓▓▓▓▓▓▓▓▓▓▓
†........'......@sBwB......
▓▓▓▓▓▓▓▓▓▓▓▓▓▓▓▓▓▓▓▓▓▓▓▓▓▓▓▓▓▓▓▓▓
.........).).....................
▓▓▓▓▓▓▓▓▓▓▓▓▓▓▓▓▓▓▓▓▓▓▓▓▓▓▓▓▓▓▓▓▓
..)'.=...))).))........[[[...)(..
▓▓▓▓▓▓▓▓▓▓▓▓▓▓▓▓▓▓▓▓▓▓▓▓▓▓▓▓▓▓▓▓▓
....[............................
▓▓▓▓▓▓▓▓▓▓▓▓▓▓▓▓▓▓▓▓▓▓▓▓▓▓▓▓▓▓▓▓▓
.......'.............'...........


You could see a radroach, a torpor snail, a pharaoh ant and a tarantella.

Vanquished Creatures
  Saint Roka (D)
  Frances (D)
  A very ugly thing (D)
  2 stone giants (D)
  Nessos (D)
  Josephine (D)
  A boulder beetle (D)
  An ice dragon (D)
  2 catoblepae (D)
  A death knight (D)
  2 two-headed ogres (D)
  An anaconda (D)
  A vampire mage (D)
  A shock serpent (D)
  A tengu warrior (D)
  A naga sharpshooter (D)
  A skeletal warrior (D)
  A pharaoh ant (D)
  An orb spider (D)
  An orc knight (D)
  A wolf spider (D)
  5 black mambas (D)
  A moth of wrath (D)
  A naga mage (D)
  Maurice (D)
  3 cane toads (D)
  A gargoyle (D)
  2 komodo dragons (D)
  A tengu conjurer (D)
  A meliai (D)
  2 polar bears (D)
  3 wraiths (D)
  2 yaks (D)
  Eustachio (D)
  A vampire mosquito (D)
  A naga (D)
  3 water moccasins (D)
  6 black bears (D)
  10 orc warriors (D)
  An ice beast (D)
  7 ogres (D)
  A centaur (D)
  A bullfrog (D)
  A necrophage (D)
  A howler monkey (D)
  2 orc priests (D)
  An iguana (D)
  3 orc wizards (D)
  An adder (D)
  8 orcs (D)
  A bat (D)
  2 endoplasms (D)
  A ball python (D)
  A frilled lizard (D)
101 creatures vanquished.

Vanquished Creatures (others)
  A great orb of eyes (D)
  2 ettins (D)
  2 hydras (D)
  2 ogre magi (D)
  A two-headed ogre (D)
  A pharaoh ant (D)
  A gargoyle (D)
  3 slime creatures (D)
  A wraith (D)
  A yak (D)
  A water moccasin (shapeshifter) (D)
  A water moccasin (D)
  2 orc warriors (D)
  3 ogres (D)
  A centaur (D)
  An orc priest (D)
  23 jellies (D)
  2 orcs (D)
49 creatures vanquished.

Grand Total: 150 creatures vanquished

Notes
Turn   | Place    | Note
-------+----------+-------------------------------------------
     0 | D        | enile the Troll Monk began the quest for the Orb.
     0 | D        | Reached XP level 1. HP: 22/22 MP: 0/0
    18 | D        | Noticed an iguana
    18 | D        | Noticed a necrophage
    18 | D        | Noticed an ice beast
    26 | D        | Killed an iguana
    27 | D        | Reached skill level 4 in Fighting
    27 | D        | Reached skill level 5 in Unarmed Combat
    27 | D        | Reached XP level 2. HP: 15/32 MP: 1/1
    27 | D        | Reached XP level 3. HP: 18/39 MP: 2/2
    34 | D        | Killed a necrophage
    35 | D        | Reached skill level 6 in Fighting
    35 | D        | Reached XP level 4. HP: 21/53 MP: 3/3
    38 | D        | Killed an ice beast
    39 | D        | Reached skill level 7 in Fighting
    39 | D        | Reached XP level 5. HP: 8/62 MP: 4/4
    89 | D        | Found a snail-covered altar of Cheibriados.
    89 | D        | Found a shadowy altar of Dithmenos.
    89 | D        | Found a white marble altar of Elyvilon.
    89 | D        | Found a blossoming altar of Fedhas.
    89 | D        | Found an opulent altar of Gozag.
    90 | D        | Found a hazy altar of Hepliaklqana.
    91 | D        | Found a viscous altar of Jiyva.
    92 | D        | Found an ancient bone altar of Kikubaaqudgha.
    93 | D        | Found a corrupted altar of Lugonu.
    94 | D        | Found a burning altar of Makhleb.
    95 | D        | Found a sparkling altar of Nemelex Xobeh.
    96 | D        | Found an iron altar of Okawaru.
    97 | D        | Found a stormy altar of Qazlal.
    98 | D        | Found a sacrificial altar of Ru.
    99 | D        | Found a shimmering blue altar of Sif Muna.
   101 | D        | Became a worshipper of Jiyva Jiuruel the Shapeless
   101 | D        | Reached * piety under Jiyva
   101 | D        | Reached ** piety under Jiyva
   103 | D        | Found a bloodstained altar of Trog.
   104 | D        | Found a hide-covered altar of Uskayaw.
   105 | D        | Found a radiant altar of Vehumet.
   106 | D        | Found an ornate altar of the Wu Jian Council.
   107 | D        | Found a shimmering altar of Xom.
   107 | D        | Killed a slime creature
   108 | D        | Found a basalt altar of Yredelemnul.
   109 | D        | Found a glowing silver altar of Zin.
   110 | D        | Found a glowing golden altar of the Shining One.
   131 | D        | Killed a great orb of eyes
   138 | D        | Noticed a yak
   138 | D        | Noticed a wraith
   138 | D        | Noticed a centaur
   138 | D        | Noticed a gargoyle
   138 | D        | Noticed a gargoyle
   145 | D        | Killed a yak
   146 | D        | Reached XP level 6. HP: 56/72 MP: 5/5
   147 | D        | Killed a wraith
   149 | D        | Killed a gargoyle
   157 | D        | Killed a gargoyle
   158 | D        | Reached skill level 5 in Evocations
   158 | D        | Reached skill level 9 in Fighting
   158 | D        | Reached XP level 7. HP: 25/83 MP: 6/6
   190 | D        | Noticed a two-headed ogre
   190 | D        | Noticed a tengu warrior
   190 | D        | Noticed a tengu conjurer
   190 | D        | Noticed a vampire mosquito
   190 | D        | Noticed a boulder beetle
   197 | D        | Killed a two-headed ogre
   198 | D        | Reached skill level 10 in Fighting
   198 | D        | Reached XP level 8. HP: 58/93 MP: 7/7
   199 | D        | Killed a tengu warrior
   199 | D        | Killed a tengu conjurer
   200 | D        | Reached skill level 10 in Dodging
   200 | D        | Reached XP level 9. HP: 44/102 MP: 8/8
   252 | D        | Killed a boulder beetle
   253 | D        | Reached skill level 12 in Fighting
   360 | D        | Reached *** piety under Jiyva
   413 | D        | Gained mutation: You have large cloven feet. [potion of
                  | mutation]
   413 | D        | Gained mutation: You are robust. (+10% HP) [potion of
                  | mutation]
   414 | D        | Noticed a five-headed hydra
   414 | D        | Noticed a komodo dragon
   414 | D        | Noticed a catoblepas
   414 | D        | Noticed a cane toad
   426 | D        | Killed a cane toad
   427 | D        | Killed a komodo dragon
   427 | D        | Noticed a cane toad
   715 | D        | Killed a catoblepas
   716 | D        | Reached XP level 10. HP: 61/126 MP: 9/9
   730 | D        | Killed a cane toad
   769 | D        | Gained mutation: Armour fits poorly on your pseudopods.
                  | [Jiyva's grace]
   769 | D        | Gained mutation: Armour fits poorly on your large
                  | pseudopods. [Jiyva's grace]
   769 | D        | Gained mutation: Armour fits poorly on your massive
                  | pseudopods. [Jiyva's grace]
   769 | D        | Gained mutation: You have a small jelly attached to you
                  | that may absorb projectiles. [Jiyva's grace]
   769 | D        | Noticed a catoblepas
   769 | D        | Noticed a cane toad
   769 | D        | Noticed a black mamba
   775 | D        | Noticed a cane toad
   779 | D        | Noticed a seven-headed hydra
   785 | D        | Killed a catoblepas
   790 | D        | Killed a cane toad
   793 | D        | Killed a black mamba
   795 | D        | Reached skill level 13 in Fighting
   878 | D        | Reached skill level 14 in Fighting
   936 | D        | Reached **** piety under Jiyva
   951 | D        | Noticed Maurice
   962 | D        | Killed Maurice
  1008 | D        | Reached XP level 11. HP: 133/143 MP: 10/10
  1073 | D        | Noticed an orc knight
  1086 | D        | Upgraded the game from 0.29.0 to 0.29.0-3-gbb0933ed62
  1092 | D        | Killed an orc knight
  1108 | D        | Noticed an orc knight
  1128 | D        | Slimified an orc knight
  1128 | D        | Noticed an acid blob
  1128 | D        | an orc knight changed into an acid blob
  1194 | D        | Found Exuenw Wesuo's Antique Weapon Emporium.
  1194 | D        | Noticed a two-headed ogre
  1219 | D        | Killed a two-headed ogre
  1252 | D        | Found Erium's Jewellery Shoppe.
  1256 | D        | Noticed an ogre mage
  1262 | D        | Killed an ogre mage
  1264 | D        | Found Jyipheuw's Assorted Antiques.
  1266 | D        | Found Goakath's General Store.
  1275 | D        | Noticed a two-headed ogre
  1276 | D        | Bought a scroll labelled DUSUKH JEUG for 22 gold pieces
  1276 | D        | Bought a scroll of identify for 44 gold pieces
  1276 | D        | Bought a scroll labelled DUSUKH JEUG for 22 gold pieces
  1283 | D        | Killed a two-headed ogre
  1284 | D        | Reached skill level 15 in Fighting
  1306 | D        | Bought a transparent robe for 125 gold pieces
  1306 | D        | Identified the +0 robe of the Sneaky Geomancers {rC+ Regen+
                  | Dex+4} (You bought it in a shop in the Dungeon)
  1318 | D        | Bought an amulet of regeneration for 300 gold pieces
  1318 | D        | Bought a +4 ring of evasion for 360 gold pieces
  1363 | D        | Noticed Eustachio
  1372 | D        | Killed Eustachio
  1377 | D        | Noticed Josephine
  1387 | D        | Killed Josephine
  1388 | D        | Reached skill level 16 in Fighting
  1508 | D        | Reached ***** piety under Jiyva
  1508 | D        | Noticed an orc knight
  1508 | D        | Noticed a five-headed hydra
  1508 | D        | Noticed a five-headed hydra
  1508 | D        | Noticed an ogre mage
  1508 | D        | Noticed a death knight
  1508 | D        | Noticed a skeletal warrior
  1516 | D        | Slimified an orc knight
  1516 | D        | an orc knight changed into a slime creature
  1520 | D        | Slimified a five-headed hydra
  1520 | D        | a five-headed hydra changed into a slime creature
  1646 | D        | Killed a five-headed hydra
  1651 | D        | Killed an ogre mage
  1794 | D        | Killed a death knight
  1893 | D        | Killed a skeletal warrior
  1923 | D        | Noticed an ettin
  2013 | D        | Killed an ettin
  2107 | D        | Noticed a stone giant
  2108 | D        | Noticed a cyan very ugly thing
  2109 | D        | Noticed a vampire mage
  2114 | D        | Noticed an ice dragon
  2240 | D        | Killed a stone giant
  2294 | D        | Killed a cyan very ugly thing
  2295 | D        | Reached skill level 15 in Unarmed Combat
  2313 | D        | Killed a vampire mage
  2361 | D        | Noticed a stone giant
  2366 | D        | Killed an ice dragon
  2367 | D        | Reached skill level 17 in Fighting
  2376 | D        | Killed a stone giant
  2377 | D        | Reached XP level 12. HP: 158/162 MP: 11/11
  2382 | D        | Noticed an ettin
  2550 | D        | Killed a seven-headed hydra
  2595 | D        | Killed an ettin
  2804 | D        | Lost mutation: Armour fits poorly on your massive
                  | pseudopods. [Jiyva's grace]
  2804 | D        | Gained mutation: You have a small jelly attached to you
                  | that senses nearby items. [Jiyva's grace]
  2804 | D        | Gained mutation: You have a pair of small horns on your
                  | head. [Jiyva's grace]
  2804 | D        | Gained mutation: You have a pair of horns on your head.
                  | [Jiyva's grace]
  2804 | D        | Gained mutation: You have a pair of large horns on your
                  | head. [Jiyva's grace]
  2854 | D        | Noticed Nessos
  2916 | D        | Killed Nessos
  2988 | D        | Noticed Saint Roka
  2989 | D        | Noticed Frances
  3143 | D        | Killed Saint Roka
  3144 | D        | Reached skill level 18 in Fighting
  3249 | D        | Killed Frances
  3307 | D        | Noticed an anaconda
  3322 | D        | Killed an anaconda
  3323 | D        | Reached skill level 15 in Dodging
  3474 | D        | Noticed a radroach
  3487 | D        | Lost mutation: You have large cloven feet. [potion of
                  | mutation]
  3487 | D        | Lost mutation: You are robust. (+10% HP) [potion of
                  | mutation]
  3487 | D        | Gained mutation: You have hidden genetic defects. [potion
                  | of mutation]
  3487 | D        | Lost mutation: You have hidden genetic defects. [potion of
                  | mutation]
  3489 | D        | Slain by a tarantella

Illustrated notes

Levels and vault maps discovered:
D:        linesprint [early_d, line_temple, items_1, d_10, items_2, lair_1,
          lair_end, items_3, orc_1, orc_end, items_4, d_15, swamp_1, shoals_1,
          snake_1, spider_1, d_20, vaults_1, items_5, swamp_end, shoals_end,
          snake_end, spider_end, vaults_end, d_27, items_6, zot_1, zot_end,
          crypt_end, forest_end, elf_end, slime_end, tomb_end, abyss_end,
          pan_hell_end]

Skill      XL: |  1  2  3  4  5  6  7  8  9 10 11 12 |
---------------+-------------------------------------+-----
Unarmed Combat | 5 6 8 11 13 15 17 | 17.0
Fighting       | 4 6 7 9 10 12 14 17 18 | 18.4
Dodging        | 3 6 9 10 13 15 | 15.0
Evocations     | 5 6 8 |  8.0
Stealth        | 3 |  3.0

Action                   |  1- 3 |  4- 6 |  7- 9 | 10-12 || total
-------------------------+-------+-------+-------+-------++-------
Melee: Unarmed           |    18 |    13 |    22 |   277 ||   330
       Punch             |     1 |     2 |       |    30 ||    33
       Kick              |       |       |     6 |    95 ||   101
       Pseudopods        |       |       |       |    63 ||    63
       Headbutt          |       |       |       |    17 ||    17
Invok: Slimify           |       |       |       |     4 ||     4
Evoke: Wand              |       |     3 |     7 |     4 ||    14
  Use: Potion            |     1 |     3 |     4 |    15 ||    23
       Scroll            |       |       |     3 |     9 ||    12
 Stab: Petrified         |       |       |     1 |     3 ||     4
       Distracted        |       |       |       |     1 ||     1
Armor: Robe              |     3 |     1 |    11 |    34 ||    49
Dodge: Dodged            |     2 |     9 |    14 |   186 ||   211
